Map: Winter's Gate LE

Players

AGOElazer (Elazer) - Winner!

  • Race: Zerg Zerg
  • League: Master
  • Spawn Location: 11:00

llllllllllll (Trap)

  • Race: Protoss Protoss
  • League: Master
  • Spawn Location: 5:00

Event: HomeStory Cup XX

VOD

Have the link to the VOD?

Description

Time

  • Played on: Nov. 21, 2019, 7:38 a.m.
  • Length: 10:51

All games in this series

Show
View Real Time Build Order
Export as new Build Order

AGOElazer Zerg - Winner!

Build Orders: Hatch First, Lurkers, Roach Hydra 

Get SALT Encoding   

  12  0:00  Drone  
  13  0:12  Overlord  
  13  0:17  Drone  
  14  0:31  Drone x2  
  16  0:48  Hatchery  
  15  0:51  Drone  
  15  0:55  Drone  
  17  0:58  Drone  
  18  1:09  Extractor  
  17  1:13  Spawning Pool  
  17  1:17  Drone  
  17  1:20  Drone  
  18  1:29  Drone  
  19  1:41  Drone  
  21  1:55  Hatchery  
  21  1:56  Drone  
  21  2:01  Queen, Roach Warren  
  21  2:08  Overlord  
  22  2:29  Drone x2  
  24  2:36  Queen  
  24  2:41  Roach  
  24  2:43  Roach  
  30  2:50  Metabolic Boost  
  30  2:54  Overlord  
  30  3:08  Drone x2  
  32  3:13  Drone x3  
  32  3:15  Queen  
  37  3:21  Drone x2  
  39  3:33  Overlord  
  39  3:38  Hatchery  
  38  3:41  Drone x2  
  38  3:45  Overlord  
  38  3:46  Drone  
  41  3:56  Queen  
  41  3:57  Drone  
  44  4:03  Spore Crawler  
  44  4:04  Drone  
  44  4:07  Spore Crawler  
  43  4:14  Drone x2  
  43  4:19  Drone  
  43  4:20  Drone  
  43  4:23  Drone  
  42  4:26  Drone  
  42  4:27  Drone  
  43  4:35  Drone x3  
  43  4:38  Drone  
  47  4:43  Queen  
  49  4:48  Overlord  
  49  4:50  Drone  
  49  4:52  Drone  
  51  4:54  Drone  
  51  4:56  Drone  
  50  5:01  Drone x2  
  50  5:02  Drone  
  50  5:04  Drone  
  54  5:08  Spore Crawler  
  54  5:09  Drone  
  54  5:10  Drone  
  54  5:13  Drone  
  56  5:14  Drone  
  56  5:17  Drone x2  
  56  5:18  Drone  
  56  5:19  Drone  
  61  5:21  Drone  
  61  5:24  Drone  
  61  5:27  Drone x2  
  65  5:31  Overlord  
  65  5:38  Queen  
  64  5:43  Drone x2  
  66  5:51  Drone x6  
  66  5:54  Drone x4  
  74  5:57  Overlord  
  74  6:03  Lair  
  74  6:05  Extractor, Evolution Chamber  
  74  6:06  Extractor  
  74  6:07  Extractor, Drone, Overlord  
  74  6:08  Drone  
  74  6:10  Zergling x2  
  73  6:11  Zergling x2  
  73  6:16  Overlord  
  74  6:18  Hatchery  
  74  6:25  Drone x2  
  75  6:26  Drone x6  
  75  6:31  Drone  
  79  6:33  Drone  
  79  6:36  Extractor  
  79  6:37  Extractor, Overlord  
  79  6:38  Zergling x4  
  80  6:44  Overlord  
  80  6:47  Drone x5  
  80  6:52  Overlord  
  84  6:58  Drone x3  
  87  7:02  Hydralisk Den  
  87  7:03  Zerg Missile Weapons Level 1  
  87  7:05  Roach x7  
  87  7:06  Glial Reconstitution  
  100  7:10  Infestation Pit  
  100  7:12  Overseer  
  100  7:14  Overlord  
  99  7:21  Drone x5  
  99  7:22  Drone x3  
  107  7:25  Spore Crawler  
  107  7:27  Drone, Overlord  
  105  7:38  Drone x3  
  105  7:42  Drone x6  
  112  7:44  Extractor  
  112  7:45  Muscular Augments  
  112  7:47  Overlord, Hive  
  112  7:50  Hydralisk  
  112  7:51  Hydralisk x3  
  113  7:53  Ravager  
  113  7:56  Ravager x2, Hydralisk x2  
  127  7:58  Ravager x2  
  127  8:00  Extractor  
  127  8:01  Hydralisk  
  127  8:02  Hydralisk x3  
  134  8:07  Overlord  
  134  8:08  Hydralisk x2  
  134  8:10  Overlord  
  138  8:14  Roach x3  
  138  8:17  Roach x2  
  138  8:19  Roach  
  150  8:23  Overlord x3  
  150  8:28  Lurker Den  
  149  8:36  Hydralisk x6  
  161  8:45  Overlord  
  161  8:48  Overlord  
  161  8:50  Hydralisk x2  
  165  8:56  Grooved Spines, Overlord  
  165  8:57  Hydralisk  
  165  8:58  Hydralisk  
  169  9:05  Hydralisk x4  
  176  9:11  Seismic Spines  
  176  9:12  Hatchery  
  175  9:17  Hydralisk x4  
  183  9:28  Zergling x22  
  192  9:45  Hydralisk x6  
  199  9:55  Lurker  
  195  10:03  Lurker x2  
  195  10:05  Lurker x2  
  195  10:06  Zergling x14  
  200  10:10  Lurker  
  177  10:19  Zergling x30  
  190  10:22  Lurker x2  
  190  10:23  Lurker  
  190  10:25  Hydralisk  
Show
View Real Time Build Order
Export as new Build Order

llllllllllll Protoss 

Build Orders: Oracle Opening, Archon Immortal 

Get SALT Encoding   

  12  0:00  Probe  
  13  0:12  Probe  
  14  0:19  Pylon  
  14  0:24  Probe  
  15  0:33  Probe  
  15  0:41  Probe  
  16  0:44  Gateway  
  17  0:51  Probe  
  17  0:55  Forge  
  18  1:03  Probe  
  19  1:05  Assimilator  
  19  1:15  Probe  
  20  1:26  Pylon  
  20  1:34  Pylon  
  20  1:36  Pylon  
  20  1:44  Photon Cannon  
  20  1:48  Pylon  
  20  1:54  Cybernetics Core  
  20  2:04  Nexus  
  20  2:07  Probe  
  21  2:19  Probe  
  21  2:20  Pylon  
  21  2:22  Adept  
  22  2:27  Assimilator  
  22  2:31  Probe  
  22  2:34  Warp Gate  
  25  2:43  Probe  
  26  2:46  Adept  
  26  2:55  Probe  
  29  3:00  Stargate  
  29  3:11  Stalker  
  30  3:13  Pylon  
  30  3:15  Probe  
  30  3:18  Probe  
  33  3:23  Probe  
  33  3:30  Probe  
  33  3:32  Probe  
  33  3:33  Oracle  
  36  3:42  Probe  
  36  3:44  Probe  
  41  3:49  Pylon  
  41  3:54  Probe  
  42  3:56  Probe  
  43  4:05  Oracle  
  43  4:06  Probe  
  43  4:08  Probe  
  47  4:18  Probe  
  47  4:20  Probe  
  47  4:30  Adept, Probe, Nexus  
  48  4:32  Probe  
  48  4:37  Oracle  
  49  4:42  Probe  
  49  4:43  Pylon  
  49  4:45  Probe  
  54  4:50  Gateway  
  54  4:51  Gateway  
  54  5:01  Probe x2  
  54  5:02  Assimilator  
  54  5:03  Assimilator, Adept  
  58  5:09  Robotics Facility  
  58  5:14  Probe x2  
  58  5:19  Pylon, Shield Battery  
  60  5:25  Protoss Ground Weapons Level 1  
  60  5:26  Probe  
  60  5:27  Probe  
  62  5:31  Pylon  
  62  5:39  Probe x2  
  64  5:48  Warp Prism  
  64  5:54  Probe x2  
  63  6:01  Sentry  
  63  6:02  Sentry x2  
  71  6:04  Twilight Council  
  71  6:07  Gateway  
  71  6:08  Gateway  
  71  6:10  Gateway  
  71  6:12  Probe x2  
  71  6:14  Probe  
  71  6:17  Immortal  
  74  6:21  Pylon  
  74  6:23  Pylon  
  78  6:30  Sentry x2  
  80  6:34  Zealot  
  80  6:39  Gateway  
  80  6:40  Probe x3  
  80  6:42  Gateway  
  80  6:43  Charge  
  83  6:50  Immortal  
  83  6:52  Probe x3  
  86  6:56  Pylon  
  86  7:00  Adept x2  
  94  7:07  Adept  
  94  7:08  Probe x3  
  97  7:10  Assimilator  
  97  7:11  Assimilator  
  97  7:14  Templar Archives  
  97  7:18  Zealot x3  
  103  7:26  Immortal  
  107  7:31  Zealot x3  
  113  7:42  Protoss Ground Weapons Level 2  
  109  7:44  Probe x2  
  109  7:50  Pylon  
  112  7:51  Pylon  
  112  7:55  Pylon, High Templar x2  
  112  7:56  High Templar  
  112  7:58  Pylon  
  111  7:59  High Templar x2  
  111  8:00  Zealot  
  111  8:02  Pylon  
  111  8:04  Pylon, Archon  
  117  8:08  Immortal  
  121  8:16  Zealot x5  
  131  8:20  Pylon  
  131  8:21  Pylon  
  131  8:26  Psionic Storm  
  131  8:32  High Templar x2, Zealot  
  137  8:35  Archon  
  137  8:37  Zealot x5  
  147  8:43  Immortal  
  147  8:44  Robotics Facility  
  151  8:51  Photon Cannon  
  151  9:17  Immortal, High Templar x2  
  151  9:20  Nexus  
  151  9:22  Pylon, Shield Battery  
  151  9:23  High Templar  
  161  9:24  Observer  
  151  9:40  Zealot x5  
  159  9:51  Immortal  
  156  9:53  Fleet Beacon  
  156  9:54  Immortal  
  156  9:56  Photon Cannon  
  156  9:57  Photon Cannon  
  156  9:58  Pylon  
  146  10:16  Zealot x5  
  146  10:17  Zealot x3  
Tags
 
Add a new tag
Caveats
  • Supply blocks, unpowered buildings, or Contaminate may cause inaccurate times.
  • Supply counts are checked every 10 seconds.